 Dungeon Crawl Stone Soup version 0.27-a0-1119-gbf574a6a6b (webtiles) character file.

Game seed: 7759844441437888823

2401 redaria the Cleaver (level 9, 0/75 HPs)
             Began as a Hill Orc Fighter on May 2, 2021.
             Was an Initiate of Ashenzari.
             Succumbed to an orc wizard's poison
             ... on level 7 of the Dungeon.
             The game lasted 00:51:56 (4493 turns).

redaria the Cleaver (Hill Orc Fighter)              Turns: 4493, Time: 00:51:57

Health: 0/75       AC: 16    Str: 20      XL:     9   Next: 46%
Magic:  9/9        EV:  6    Int:  7 (8)  God:    Ashenzari [......]
Gold:   229        SH: 10    Dex:  7 (12) Spells: 8/8 levels left

rFire    . . .     SeeInvis +   a - +0 war axe (drain) {deez nuts}
rCold    . . .     Faith    .   c - +0 kite shield
rNeg     . . .     Spirit   .   l - +1 chain mail
rPois    .         Reflect  .   g - +0 helmet
rElec    .         Harm     .   q - +1 cloak
rCorr    .         Rampage  .   (no gloves)
Will     .....                  v - +0 pair of boots
Stlth    ..........             (no amulet)
HPRegen  0.22/turn              y - ring of see invisible
MPRegen  0.11/turn              (no ring)

@: lethally poisoned (0 -> -15), very slow
A: no striking features
a: Renounce Religion, Curse Item


You were on level 7 of the Dungeon.
You worshipped Ashenzari.
Ashenzari was noncommittal.
You visited 2 branches of the dungeon, and saw 8 of its levels.

You collected 229 gold pieces.

Inventory:

Hand Weapons
 a - a +0 war axe of draining (weapon) {deez nuts}
Missiles
 i - 134 stones (quivered)
 r - 8 atropa-tipped darts
 t - a curare-tipped dart
Armour
 c - a +0 kite shield (worn)
 g - a +0 helmet (worn)
 l - a +1 chain mail (worn)
 q - a +1 cloak (worn)
 u - a +2 robe of cold resistance
 v - a +0 pair of boots (worn)
Magical Staves
 f - a staff of poison
 x - a staff of fire
Jewellery
 y - a ring of see invisible (left hand)
Scrolls
 b - 7 scrolls of identify
 d - a scroll of summoning
 e - a scroll of magic mapping
 h - a scroll of noise
 j - a scroll of teleportation
 k - a scroll of blinking
 m - 2 scrolls of brand weapon
 n - 2 scrolls of vulnerability
 p - 2 scrolls of fear
 w - a scroll of amnesia
Potions
 o - a potion of brilliance
 s - a potion of might
 z - a potion of attraction
 B - a potion of flight


   Skills:
 + Level 6.2 Fighting
 + Level 10.4 Axes
 + Level 6.4 Armour
 + Level 1.8 Dodging
 * Level 8.0 Shields


You had 8 spell levels left.
You didn't know any spells.
Your spell library contained the following spells:

 Spells                   Type           Power      Damage    Failure   Level
 Summon Small Mammal      Summ           0%         N/A       100%        1
 Call Imp                 Summ           0%         N/A       100%        2
 Call Canine Familiar     Summ           0%         N/A       100%        3
 Summon Guardian Golem    Hex/Summ       0%         N/A       100%        3
 Summon Ice Beast         Ice/Summ       0%         N/A       100%        4
 Summon Lightning Spire   Summ/Air       0%         N/A       100%        4


Dungeon Overview and Level Annotations

Branches:
Dungeon (7/15)             Temple (1/1) D:5

Altars:
Ashenzari
Cheibriados
Dithmenos
Elyvilon
Hepliaklqana
Kikubaaqudgha
Makhleb
Nemelex Xobeh
Okawaru
Qazlal
Sif Muna
Trog
Vehumet
Wu Jian
Xom
Yredelemnul
Zin
The Shining One

Shops:
D:5 [


Message History

The orc wizard is lightly wounded.
You closely miss the orc.
You feel sick.
The orc wizard hits you but does no damage.
You are more poisoned.
The orc hits you but does no damage.
You hit the orc wizard. You drain the orc wizard.
The orc wizard is heavily wounded.
You hit the orc. You drain the orc.
You feel very sick. You block the orc wizard's attack.
You block the orc's attack.
You barely miss the orc wizard.
The orc wizard is heavily wounded.
You barely miss the orc.
You feel very sick.
The orc wizard hits you but does no damage.
You are more poisoned.
You block the orc's attack.
The orc wizard hits you but does no damage.
You are lethally poisoned!
You block the orc's attack.
You miss the orc wizard.
The orc wizard is heavily wounded.
You slash the orc!
You kill the orc!
* * * LOW HITPOINT WARNING * * *
You feel extremely sick.
The orc wizard casts a spell at itself.
The orc wizard flickers and vanishes for a moment.
You hit the orc wizard. You drain the orc wizard.
You kill the orc wizard!
You hit the orc.
* * * LOW HITPOINT WARNING * * *
You feel extremely sick.
You slash the orc!
You kill the orc!
You slash the orc!
You kill the orc!
* * * LOW HITPOINT WARNING * * *
You feel very sick.
You die...

#.....# #.>...#
.....+ ....##
########## ...#>
.........
..#.##......#
####)#..#'#...###
#...@##..........
#.#.........#####
# #.###.........#
...# #.........#
#####
##...##.....###
#####...####.....<
#..........#######
#..........#
#..........#


There were no monsters in sight!

Vanquished Creatures
  Grinder (D:6)
  A wyvern (D:7)
  A yak (D:6)
  2 steam dragons (D:7)
  Menkaure (D:7)
  An ice beast (D:6)
  A sky beast (D:7)
  2 ogres
  A kobold brigand (D:4)
  Blork the orc (D:5)
  A wyvern zombie (D:6)
  3 scorpions
  A wyvern skeleton (D:7)
  2 water moccasin skeletons
  2 bullfrog zombies (D:6)
  3 jellies
  A hound (D:5)
  2 orc wizards
  An orc priest (D:7)
  2 iguanas (D:5)
  Terence (D:2)
  A killer bee zombie (D:7)
  A hound zombie (D:5)
  6 gnolls
  4 adders
  A howler monkey skeleton (D:7)
  2 shadow imps
  2 white imps (D:6)
  2 ufetubi
  A worm (D:3)
  A dart slug (D:5)
  26 orcs
  7 bats
  8 endoplasms
  7 giant cockroaches
  10 goblins
  7 hobgoblins
  11 jackals
  3 kobolds (D:1)
  2 quokkas
  7 ball pythons
  2 frilled lizards
  7 rats
149 creatures vanquished.

Notes
Turn   | Place    | Note
-------+----------+-------------------------------------------
     0 | D:1      | redaria the Hill Orc Fighter began the quest for the Orb.
     0 | D:1      | Reached XP level 1. HP: 19/19 MP: 1/1
   376 | D:1      | Reached skill level 3 in Axes
   376 | D:1      | Reached XP level 2. HP: 27/27 MP: 2/2
   578 | D:1      | Reached XP level 3. HP: 31/33 MP: 3/3
  1054 | D:2      | Found a faded altar of an unknown god.
  1074 | D:2      | Became a worshipper of Cheibriados the Contemplative
  1074 | D:2      | Reached * piety under Cheibriados
  1170 | D:2      | Noticed Terence
  1188 | D:2      | Killed Terence
  1189 | D:2      | Reached skill level 4 in Axes
  1189 | D:2      | Reached XP level 4. HP: 19/40 MP: 4/4
  1228 | D:2      | Found a stormy altar of Qazlal.
  1578 | D:3      | Reached ** piety under Cheibriados
  1724 | D:3      | Noticed a scorpion
  1730 | D:3      | Reached XP level 5. HP: 46/46 MP: 5/5
  1742 | D:3      | Reached skill level 5 in Axes
  1917 | D:4      | Reached XP level 6. HP: 52/53 MP: 6/6
  2135 | D:4      | Reached *** piety under Cheibriados
  2136 | D:4      | Reached skill level 6 in Axes
  2136 | D:4      | Reached skill level 1 in Dodging
  2354 | D:5      | Entered Level 5 of the Dungeon
  2504 | D:5      | Noticed Blork the orc
  2509 | D:5      | Reached skill level 5 in Fighting
  2526 | D:5      | Killed Blork the orc
  2527 | D:5      | Reached XP level 7. HP: 23/61 MP: 7/7
  2573 | D:5      | Found Alyg's Armour Shoppe.
  2688 | D:5      | Reached skill level 5 in Armour
  2692 | D:5      | Reached skill level 7 in Axes
  2693 | D:5      | Found a staircase to the Ecumenical Temple.
  2699 | Temple   | Entered the Ecumenical Temple
  2779 | Temple   | Fell from the grace of Cheibriados
  2779 | Temple   | Became a worshipper of Ashenzari the Shackled
  3174 | D:5      | Reached skill level 5 in Shields
  3630 | D:6      | Reached XP level 8. HP: 48/69 MP: 8/8
  3642 | D:6      | Reached skill level 8 in Axes
  3671 | D:6      | Noticed a yak
  3680 | D:6      | Killed a yak
  3794 | D:6      | Reached skill level 9 in Axes
  3836 | D:6      | Noticed Grinder
  3851 | D:6      | Killed Grinder
  4021 | D:7      | Noticed a wyvern
  4029 | D:7      | Killed a wyvern
  4030 | D:7      | Reached XP level 9. HP: 66/75 MP: 9/9
  4133 | D:7      | Reached skill level 10 in Axes
  4314 | D:7      | Found a burning altar of Makhleb.
  4335 | D:7      | Noticed Menkaure
  4336 | D:7      | Found an ornate altar of the Wu Jian Council.
  4339 | D:7      | Found a shimmering altar of Xom.
  4356 | D:7      | Killed Menkaure
  4438 | D:7      | Found a glowing golden altar of the Shining One.
  4493 | D:7      | Succumbed to an orc wizard's poison

Illustrated notes

Levels and vault maps discovered:
D:1:      kilobyte_arrival_exit_the_forest, layout_loops_corners, minmay_vboxes
D:2:      layout_basic, basic_altar, hellmonk_ecumenical_altar_dog_temple,
          uniq_terence
D:3:      layout_rooms, marbit_many_paths
D:4:      layout_gridville
D:5:      layout_basic, minmay_temple_entry_enclosed_plants, serial_shops,
          kennysheep_little_box, serial_glass, glass_columns_b, glass_columns_b,
          minmay_misc_feat_tiny, chequers_serial_rivers_micro_c,
          uniq_blork_the_orc
D:6:      layout_basic, minmay_starry_boxes, uniq_grinder
D:7:      layout_basic, grunt_temple_overflow_cloverleaf, uniq_menkaure
Temple:   eino_temple_rhombus

Skill      XL: |  1  2  3  4  5  6  7  8  9 |
---------------+----------------------------+-----
Axes           | 3 4 5 6 7 9 10 | 10.4
Fighting       | 4 5 6 |  6.2
Armour         | 4 5 6 |  6.4
Shields        | 4 5 6 8 |  8.0
Dodging        | 1 |  1.8

Action                   |  1- 3 |  4- 6 |  7- 9 || total
-------------------------+-------+-------+-------++-------
Melee: War axe           |   140 |   152 |   222 ||   514
  Use: Potion            |       |     3 |     3 ||     6
       Scroll            |       |       |     2 ||     2
Armor: Scale mail        |    82 |       |       ||    82
       Chain mail        |       |   105 |   126 ||   231
       Skin              |       |       |     5 ||     5
Dodge: Dodged            |    59 |    47 |    64 ||   170
Block: Kite shield       |    74 |   122 |   125 ||   321

Table legend: (Time is in decaauts)
 A = Elapsed time spent in this place.
 B = Non-inter-level travel time spent in this place.
 C = Inter-level travel time spent in this place.
 D = Time resting spent in this place.
 E = Time spent auto-exploring this place.
 F = Levels seen in this place.
 G = Mean time per level.
                   A        B        C        D        E       F      G
               +--------+--------+--------+--------+--------+-----+--------+
         Total |   6411 |   6250 |    161 |      0 |      6 |   8 |  801.4 |
       Dungeon |   6246 |   6115 |    131 |      0 |      0 |   7 |  892.3 |
        Temple |    165 |    135 |     30 |      0 |      6 |   1 |  165.0 |
               +--------+--------+--------+--------+--------+-----+--------+

Top non-repeatable levels by time:
     D:5: 1534 daAuts
     D:6: 987 daAuts
     D:2: 842 daAuts
     D:1: 839 daAuts
     D:7: 714 daAuts
     D:4: 684 daAuts
     D:3: 644 daAuts
  Temple: 165 daAuts
